 Dungeon Crawl Stone Soup version 0.30-a0-694-g3340775977 (webtiles) character file.

Game seed: 15299011949523552583

1 Alitron123 the Charlatan (level 1, 0/16 HPs)
             Began as a Draconian Artificer on Jan 20, 2023.
             Slain by a goblin
             ... wielding a +0 club
              (2 damage)
             ... on level 1 of the Dungeon.
             The game lasted 00:00:22 (29 turns).

Alitron123 the Charlatan (Draconian Artificer)        Turns: 29, Time: 00:00:22

Health: 0/16       AC:  4    Str: 14    XL:     1   Next: 16%
Magic:  1/1        EV: 12    Int: 11    God:
Gold:   0          SH:  0    Dex: 11    Spells: 0/0 levels left

rFire   . . .      SeeInvis .    a - +0 club
rCold   . . .      Faith    .    (no shield)
rNeg    . . .      Spirit   .    (body armour unavailable)
rPois   .          Reflect  .    (helmet restricted)
rElec   .          Harm     .    (no cloak)
rCorr   .          Rampage  .    (no gloves)
Will    .....                    (no boots)
Stlth   +                        (no amulet)
HPRegen 0.22/turn                (no ring)
MPRegen 0.07/turn                (no ring)

@: no status effects
A: AC +4, unfitting armour, cold-blooded
a: no special abilities


You were on level 1 of the Dungeon.
You visited 1 branch of the dungeon, and saw 1 of its levels.

Inventory:

Hand Weapons
 a - a +0 club (weapon)
Wands
 b - a wand of flame (15) (quivered)
 c - a wand of charming (15)
 d - a wand of iceblast (5)
Scrolls
 e - a scroll of immolation {unknown}
 f - a scroll of poison {unknown}


   Skills:
 + Level 1.1 Fighting
 + Level 2.2 Dodging
 + Level 0.8 Stealth
 + Level 3.0 Evocations


You couldn't memorise any spells.
You didn't know any spells.
Your spell library was empty.

Dungeon Overview and Level Annotations

Branches:
Dungeon (1/15)

Altars:


Innate Abilities, Weirdness & Mutations

Your plain brown scales are hard. (AC +4)
You cannot fit into any form of body armour.
You are cold-blooded and may be slowed by cold attacks.


Message History

You kill the endoplasm!
The goblin hits you but does no damage. The hobgoblin hits you.
The rat twitches its whiskers.
The rat barely misses you. The goblin barely misses you. The rat misses you.
The hobgoblin closely misses you.
Hit: a) +0 club
Press: ? - help, Dir - move target, f - hobgoblin
Aim: a hobgoblin (about 44% to evade your +0 club)
You barely miss the hobgoblin. The goblin hits you with a +0 club.
The hobgoblin barely misses you. The rat closely misses you.
Hit: a) +0 club
Press: ? - help, Dir - move target, f/p - hobgoblin
Aim: a hobgoblin (about 44% to evade your +0 club)
You barely miss the hobgoblin.
Your tail-slap misses the hobgoblin.
The goblin hits you with a +0 club.
The hobgoblin hits you but does no damage.
The rat misses you.
Hit: a) +0 club
Press: ? - help, Dir - move target, f/p - hobgoblin
Aim: a hobgoblin (about 44% to evade your +0 club)
You closely miss the hobgoblin.
Your tail-slap misses the hobgoblin.
The hobgoblin barely misses you. The rat bites you.
The goblin hits you with a +0 club. The hobgoblin hits you.
* * * LOW HITPOINT WARNING * * *
The rat bites you but does no damage. The goblin hits you but does no damage.
Hit: a) +0 club
Press: ? - help, Dir - move target, f/p - hobgoblin
Aim: a hobgoblin (about 44% to evade your +0 club)
You completely miss the hobgoblin. The goblin closely misses you.
The hobgoblin hits you.
* * * LOW HITPOINT WARNING * * *
The rat bites you.
* * * LOW HITPOINT WARNING * * *
Hit: a) +0 club
Press: ? - help, Dir - move target, f/p - hobgoblin
Aim: a hobgoblin (about 44% to evade your +0 club)
You hit the hobgoblin but do no damage.
Your tail-slap misses the hobgoblin.
The hobgoblin completely misses you. The rat barely misses you.
The goblin hits you with a +0 club.
You die...

...........8..8<.≈≈≈§#
...##..#.......≈≈§≈#
#.###.......≈§≈#
#..###....8.#### #####
##.# ##.....# ......
##.# ##......
......##..# ###.###.
.........## ..
......g@## ......gr#
.......rK ..........
###.......# ...######.
#.## #. #. ..


You could see a hobgoblin, a goblin, a kobold and 2 rats.

Vanquished Creatures
  An endoplasm (D:1)
1 creature vanquished.

Notes
Turn   | Place    | Note
-------+----------+-------------------------------------------
     0 | D:1      | Alitron123 the Draconian Artificer began the quest for the
                  | Orb.
     0 | D:1      | Reached XP level 1. HP: 16/16 MP: 1/1
    29 | D:1      | Slain by a goblin

Illustrated notes

Levels and vault maps discovered:
D:1:      grunt_arrival_lava_bath, layout_basic, serial_shops, shop_statue,
          hangedman_decor_opposing, minmay_misc_feat_enclosed,
          hangedman_abyss_or_decor_lesser_grid

Action                   || total
-------------------------++-------
Melee: Club              ||    12
       Tailslap          ||     2
Armor: Skin              ||    12
Dodge: Dodged            ||    21

Table legend: (Time is in decaauts)
 A = Elapsed time spent in this place.
 B = Non-inter-level travel time spent in this place.
 C = Inter-level travel time spent in this place.
 D = Time resting spent in this place.
 E = Time spent auto-exploring this place.
 F = Levels seen in this place.
 G = Mean time per level.
                   A        B        C        D        E       F      G
               +--------+--------+--------+--------+--------+-----+--------+
         Total |     32 |     32 |      0 |      0 |     10 |   1 |   32.0 |
       Dungeon |     32 |     32 |      0 |      0 |     10 |   1 |   32.0 |
               +--------+--------+--------+--------+--------+-----+--------+

Top non-repeatable levels by time:
     D:1: 32 daAuts
